 Dungeon Crawl Stone Soup version 0.28-a0-1236-gb25a51b929 (webtiles) character file.

Game seed: 6394920500341731744

126 MJtheKandyman the Skirmisher (level 5, 50/50 HPs)
             Began as a Hill Orc Fighter on Dec 26, 2021.
             Quit the game on level 2 of the Dungeon on Mar 31, 2024.
             The game lasted 00:10:31 (2593 turns).

MJtheKandyman the Skirmisher (Hill Orc Fighter)     Turns: 2593, Time: 00:10:32

Health: 50/50      AC:  6    Str: 21    XL:     5   Next: 9%
Magic:  5/5        EV:  9    Int:  8    God:
Gold:   61         SH:  4    Dex: 10    Spells: 4/4 levels left

rFire   . . .      SeeInvis .   a - +0 war axe
rCold   . . .      Faith    .   c - +0 buckler
rNeg    . . .      Spirit   .   b - +0 scale mail
rPois   .          Reflect  .   (no helmet)
rElec   .          Harm     .   (no cloak)
rCorr   .          Rampage  .   (no gloves)
Will    .....                   (no boots)
Stlth   ..........              (no amulet)
HPRegen 0.16/turn               (no ring)
MPRegen 0.09/turn               (no ring)

@: no status effects
A: no striking features
a: no special abilities


You were on level 2 of the Dungeon.
You visited 1 branch of the dungeon, and saw 2 of its levels.

You collected 61 gold pieces.

Inventory:

Hand Weapons
 a - a +0 war axe (weapon)
Missiles
 g - 101 stones (quivered)
Armour
 b - a +0 scale mail (worn)
 c - a +0 buckler (worn)
Jewellery
 k - a ring of resist corrosion
Scrolls
 e - a scroll of summoning {unknown}
 f - 7 scrolls of identify {unknown}
 h - a scroll of immolation
 l - a scroll of teleportation {unknown}
Potions
 d - a potion of haste
 i - a potion of curing {unknown}
 j - a potion of cancellation {unknown}
 m - a potion of brilliance {unknown}


   Skills:
 * Level 5.9 Fighting
 + Level 4.4 Axes
 - Level 3.2 Armour
 - Level 3.2 Shields


You had 4 spell levels left.
You didn't know any spells.
Your spell library contained the following spells:

 Spells                   Type           Power      Damage    Failure   Level
 Sting                    Tmut/Pois      0%         1d3       78%         1
 Poisonous Vapours        Pois/Air       0%         N/A       89%         2
 Olgreb's Toxic Radiance  Pois           0%         N/A       100%        4


Dungeon Overview and Level Annotations

Branches:
Dungeon (2/15)

Altars:

Annotations:
D:2 1 runed translucent door, Crazy Yiuf


Message History

You hit Natasha.
Natasha is almost dead.
Natasha casts a spell at you. The magic dart hits you.
Natasha claws you but does no damage.
You closely miss Natasha.
Natasha is almost dead.
Natasha hisses.
Natasha casts a spell.
Natasha stares at you and mumbles some strange words.
The magic dart hits you!
You are too injured to fight recklessly!
You are too injured to fight recklessly!
You are too injured to fight recklessly!
You are too injured to fight recklessly!
You slash Natasha!
You kill Natasha!
You feel Natasha's spirit has finally been put to rest.
The crimson imp disappears in a puff of smoke!
You have reached level 5!
You feel stronger.
You start resting.
HP restored.
d - a potion of haste You see here the felid corpse of Natasha.
There is an open door here.
Could not explore, unopened runed door.
Could not explore, unopened runed door.
Unknown command.
Level annotation: 1 runed translucent door, Crazy Yiuf Welcome back, MJtheKandyman the Hill Orc Fighter.
Press ? for a list of commands and other information.
Unknown command.
Unknown command.
Unknown command.
Unknown command.
Okay, then.
Level annotation: 1 runed translucent door, Crazy Yiuf Welcome back, MJtheKandyman the Hill Orc Fighter.
Press ? for a list of commands and other information.
Are you sure you want to abandon this character and quit the game? (Confirm with "yes".)

#..)# #..+...... #...# ####.....>
... ######' #+# #... ##.# ##...
#.## #.... ##.# #.... #.## #....
##@## ####' #...## #. #########
#....# #. ## #.......# #....# #.
.# #.......# ##....# #####. .#
#.......# #.....# #.....
.###.......###....##########.....
.'.'.......'.'....'........†...).
.###....|..###....############'#.


There were no monsters in sight!

Vanquished Creatures
  Natasha (thrice) (D:2)
  A worm (D:2)
  2 dart slugs (D:1)
  3 bats
  5 endoplasms
  A giant cockroach (D:2)
  5 goblins
  3 hobgoblins
  2 quokkas (D:1)
  6 ball pythons
  4 frilled lizards
  7 kobolds
  3 rats
45 creatures vanquished.

Notes
Turn   | Place    | Note
-------+----------+-------------------------------------------
     0 | D:1      | MJtheKandyman the Hill Orc Fighter began the quest for the
                  | Orb.
     0 | D:1      | Reached XP level 1. HP: 19/19 MP: 1/1
   125 | D:1      | Reached skill level 4 in Fighting
   126 | D:1      | Reached XP level 2. HP: 25/27 MP: 2/2
   160 | D:1      | Found a faded altar of an unknown god.
   789 | D:1      | Reached XP level 3. HP: 33/34 MP: 3/3
  1622 | D:2      | Found a runed translucent door.
  1623 | D:2      | Noticed Crazy Yiuf
  1802 | D:2      | Reached skill level 5 in Fighting
  2088 | D:2      | Noticed Natasha
  2099 | D:2      | Killed Natasha
  2100 | D:2      | Reached XP level 4. HP: 14/42 MP: 4/4
  2352 | D:2      | Noticed Natasha
  2357 | D:2      | Killed Natasha
  2387 | D:2      | Noticed Natasha
  2399 | D:2      | Killed Natasha
  2400 | D:2      | Reached XP level 5. HP: 23/50 MP: 5/5
  2593 | D:2      | Quit the game

Illustrated notes

Levels and vault maps discovered:
D:1:      enne_arrival_octagon_isle, layout_loops_ring,
          hellmonk_ecumenical_altar_blasted
D:2:      layout_basic, uniq_crazy_yiuf_cottage, uniq_natasha

Skill      XL: |  1  2  3 |
---------------+----------+-----
Fighting       | 4 5 |  5.9
Axes           | 3 4 |  4.4
Armour         | |  3.2
Shields        | |  3.2

Action                   |  1- 3 |  4- 6 || total
-------------------------+-------+-------++-------
Melee: War axe           |   122 |    12 ||   134
Throw: Stone             |     1 |       ||     1
  Use: Potion            |     1 |       ||     1
Armor: Scale mail        |    45 |     4 ||    49
Dodge: Dodged            |    46 |     4 ||    50
Block: Buckler           |    32 |     1 ||    33

Table legend: (Time is in decaauts)
 A = Elapsed time spent in this place.
 B = Non-inter-level travel time spent in this place.
 C = Inter-level travel time spent in this place.
 D = Time resting spent in this place.
 E = Time spent auto-exploring this place.
 F = Levels seen in this place.
 G = Mean time per level.
                   A        B        C        D        E       F      G
               +--------+--------+--------+--------+--------+-----+--------+
         Total |   2638 |   2580 |     58 |    888 |    805 |   2 | 1319.0 |
       Dungeon |   2638 |   2580 |     58 |    888 |    805 |   2 | 1319.0 |
               +--------+--------+--------+--------+--------+-----+--------+

Top non-repeatable levels by time:
     D:1: 1399 daAuts
     D:2: 1239 daAuts
